 Dungeon Crawl Stone Soup version 0.28.0-43-g3370ac3207 (webtiles) character file.

Game seed: 14515739275310987047

1064 diecastcamel the Chopper (level 8, 0/62 HPs)
             Began as a Human Fighter on Mar 1, 2022.
             Was a Follower of Wu Jian.
             Succumbed to a water moccasin's poison
             ... on level 5 of the Dungeon.
             The game lasted 00:19:45 (4564 turns).

diecastcamel the Chopper (Human Fighter)            Turns: 4564, Time: 00:19:46

Health: 0/62       AC: 12    Str: 24 (25) XL:     8   Next: 52%
Magic:  8/8        EV:  8    Int:  7 (8)  God:    Wu Jian [*.....]
Gold:   195        SH:  4    Dex: 11 (13) Spells: 7/7 levels left

rFire   + . .      SeeInvis .   a - +0 war axe
rCold   . . .      Faith    .   c - +0 buckler
rNeg    . . .      Spirit   .   j - +0 chain mail
rPois   .          Reflect  .   o - +0 helmet
rElec   .          Harm     .   (no cloak)
rCorr   .          Rampage  .   (no gloves)
Will    .....                   g - +0 pair of boots
Stlth   ..........              (no amulet)
HPRegen 0.20/turn               f - ring of protection from fire
MPRegen 0.11/turn               e - +6 ring of strength

@: lethally poisoned (0 -> -17)
A: no striking features
a: Renounce Religion


You were on level 5 of the Dungeon.
You worshipped Wu Jian.
Wu Jian was aware of your devotion.
You visited 1 branch of the dungeon, and saw 5 of its levels.

You collected 195 gold pieces.

Inventory:

Hand Weapons
 a - a +0 war axe (weapon)
 d - a +0 flail
Missiles
 b - 4 boomerangs (quivered)
 i - 130 stones
 p - 24 poisoned darts
 t - a throwing net
Armour
 c - a +0 buckler (worn)
 g - a +0 pair of boots (worn)
 j - a +0 chain mail (worn)
 o - a +0 helmet (worn)
 r - the +1 leather armour of the Tangerine {Int+5 Dex+5}
   (You found it on level 3 of the Dungeon)

   Int:       It affects your intelligence (+5).
   Dex:       It affects your dexterity (+5).
Jewellery
 e - a +6 ring of strength (right hand)
 f - a ring of protection from fire (left hand)
Wands
 n - a wand of paralysis (2)
 y - a wand of polymorph (9)
Scrolls
 l - a scroll of enchant weapon {unknown}
 m - a scroll of teleportation {unknown}
 q - a scroll of fear {unknown}
 x - a scroll of vulnerability {unknown}
Potions
 h - a potion of attraction {unknown}
 k - a potion of curing
 s - a potion of haste {unknown}
 u - a potion of degeneration
 v - a potion of invisibility {unknown}
 w - a potion of heal wounds {unknown}


   Skills:
 + Level 5.1 Fighting
 * Level 6.3 Axes
 + Level 5.1 Armour
 + Level 2.8 Dodging
 - Level 4.0 Shields


You had 7 spell levels left.
You didn't know any spells.
Your spell library contained the following spells:

 Spells                   Type           Power      Damage    Failure   Level
 Pain                     Necr           0%         1d4       99%         1
 Sublimation of Blood     Necr           0%         N/A       99%         2
 Confusing Touch          Hex            0%         N/A       100%        3
 Summon Guardian Golem    Hex/Summ       0%         N/A       100%        3
 Petrify                  Tmut/Erth      0%         N/A       100%        4
 Agony                    Necr           0%         N/A       100%        5
 Excruciating Wounds      Necr           0%         N/A       100%        5
 Irradiate                Conj/Tmut      0%         3d13      100%        5
 Yara's Violent Unravell  Hex/Tmut       0%         3d3       100%        5
 Enfeeble                 Hex            0%         N/A       100%        7
 Orb of Destruction       Conj           0%         9d5       100%        7
 Spellforged Servitor     Conj/Summ      0%         N/A       100%        7


Dungeon Overview and Level Annotations

Branches:
Dungeon (5/15)
 Temple: D:4-7

Altars:
Gozag
Wu Jian

Annotations:
D:2 1 runed translucent door, Crazy Yiuf


Message History

You feel very sick. You block the water moccasin's attack.
You closely miss the water moccasin.
You feel very sick. The water moccasin barely misses you.
The water moccasin bites you.
You slash the water moccasin!
The water moccasin is moderately wounded.
You feel sick. The water moccasin bites you.
You are more poisoned.
The water moccasin poisons you!
The water moccasin bites you but does no damage.
You are too injured to fight recklessly!
You are too injured to fight recklessly!
You are too injured to fight recklessly!
You are too injured to fight recklessly!
You are too injured to fight recklessly!
You closely miss the water moccasin.
The water moccasin is moderately wounded.
You feel very sick. The water moccasin bites you!
* * * LOW HITPOINT WARNING * * *
You miss the water moccasin.
The water moccasin is moderately wounded.
* * * LOW HITPOINT WARNING * * *
You feel very sick.
The water moccasin bites you but does no damage.
The water moccasin completely misses you.
You feel better. The water moccasin bites you.
* * * LOW HITPOINT WARNING * * *
You spin and attack the water moccasin.
You barely miss the water moccasin.
The water moccasin is moderately wounded.
The water moccasin bites you.
* * * LOW HITPOINT WARNING * * *
You are lethally poisoned!
The water moccasin poisons you! The water moccasin bites you!
* * * LOW HITPOINT WARNING * * *
It was a potion of degeneration.
There was something very wrong with that liquid.
You feel weakened.
You feel dopey.
You feel clumsy.
You die...

......# .....$# #). ##
#.....##.... ...
#.........## #..###
#.....##....
#....###.....#...# .#
#..)...........##.#
###.#<†.......####..##
#........S@.?........$.
........#....†.......# #
.#<..####..........####..
#... ##..........##...#
#######.............?...
.....................
...#.................
.....................
..[.#................


You could see a water moccasin.

Vanquished Creatures
  Sigmund (D:3)
  A water moccasin (D:3)
  An ogre (D:3)
  2 phantoms
  2 water moccasin skeletons (D:5)
  A centaur zombie (D:5)
  An orc priest (D:3)
  A bullfrog skeleton (D:4)
  2 hounds
  3 iguanas
  Jessica (D:3)
  Terence (D:2)
  Robin (D:3)
  3 gnolls (D:4)
  6 adders
  A worm (D:3)
  2 dart slugs
  3 orcs (D:3)
  6 endoplasms
  3 giant cockroaches
  9 hobgoblins
  3 jackals
  5 kobolds
  4 quokkas
  7 ball pythons
  4 bats
  3 frilled lizards
  14 goblins
  5 rats
96 creatures vanquished.

Vanquished Creatures (others)
  A fungus (D:2)
1 creature vanquished.

Grand Total: 97 creatures vanquished

Notes
Turn   | Place    | Note
-------+----------+-------------------------------------------
     0 | D:1      | diecastcamel the Human Fighter began the quest for the Orb.
     0 | D:1      | Reached XP level 1. HP: 18/18 MP: 1/1
   156 | D:1      | Reached XP level 2. HP: 24/24 MP: 2/2
   288 | D:1      | Found a faded altar of an unknown god.
   736 | D:2      | Noticed Terence
   744 | D:2      | Killed Terence
   745 | D:2      | Reached XP level 3. HP: 27/29 MP: 3/3
   747 | D:2      | Reached XP level 4. HP: 33/35 MP: 4/4
   816 | D:2      | Reached skill level 3 in Axes
  1752 | D:2      | Reached XP level 5. HP: 37/41 MP: 5/5
  1798 | D:2      | Found a runed translucent door.
  1799 | D:2      | Noticed Crazy Yiuf
  2220 | D:3      | Noticed Robin
  2233 | D:3      | Killed Robin
  2337 | D:3      | Noticed Sigmund
  2353 | D:3      | Killed Sigmund
  2354 | D:3      | Reached skill level 4 in Axes
  2354 | D:3      | Reached XP level 6. HP: 48/48 MP: 6/6
  2390 | D:3      | Noticed a water moccasin
  2420 | D:3      | Killed a water moccasin
  2421 | D:3      | Reached XP level 7. HP: 54/54 MP: 7/7
  2524 | D:3      | Noticed Jessica
  2529 | D:3      | Killed Jessica
  2530 | D:3      | Reached skill level 1 in Dodging
  2673 | D:3      | Identified the +1 leather armour of the Tangerine {Int+5
                  | Dex+5}
  2843 | D:3      | Reached skill level 5 in Axes
  3163 | D:4      | Found an ornate altar of the Wu Jian Council.
  3171 | D:4      | Became a worshipper of the Wu Jian Council
  3397 | D:4      | Found an opulent altar of Gozag.
  3432 | D:4      | Reached XP level 8. HP: 46/61 MP: 8/8
  4003 | D:4      | Reached * piety under Wu Jian
  4351 | D:5      | Entered Level 5 of the Dungeon
  4436 | D:5      | Reached skill level 5 in Fighting
  4436 | D:5      | Reached skill level 6 in Axes
  4436 | D:5      | Reached skill level 5 in Armour
  4564 | D:5      | Succumbed to a water moccasin's poison

Illustrated notes

Levels and vault maps discovered:
D:1:      minmay_arrival_shoal_huts, layout_loops_ring,
          hellmonk_ecumenical_altar_arch_garden, minmay_misc_feat_secret_circle,
          minmay_misc_feat_enclosed
D:2:      layout_basic, uniq_crazy_yiuf_cottage, uniq_terence
D:3:      layout_basic, chequers_serial_rivers_micro_a, grunt_ministairs_10,
          item_on_display_a, uniq_jessica, uniq_sigmund, uniq_robin
D:4:      layout_basic, mainiacjoe_overflow_paths,
          mainiacjoe_overflow_tiny_flanked
D:5:      layout_rooms, nicolae_vehumet_radiance, uniq_eustachio

Skill      XL: |  1  2  3  4  5  6  7  8 |
---------------+-------------------------+-----
Axes           | 3 4 5 6 |  6.3
Fighting       | 4 5 |  5.1
Armour         | 4 5 |  5.1
Shields        | 4 |  4.0
Dodging        | 2 |  2.8

Action                   |  1- 3 |  4- 6 |  7- 9 || total
-------------------------+-------+-------+-------++-------
Melee: War axe           |    38 |   111 |   177 ||   326
Throw: Stone             |     5 |       |       ||     5
       Boomerang         |       |    10 |    18 ||    28
Invok: Lunge             |       |       |     4 ||     4
       Whirlwind         |       |       |     1 ||     1
Evoke: Wand              |       |     4 |     2 ||     6
  Use: Potion            |     1 |       |     2 ||     3
       Scroll            |       |     3 |     1 ||     4
 Stab: Paralysed         |       |     3 |     3 ||     6
Armor: Scale mail        |    22 |       |       ||    22
       Chain mail        |       |    66 |    71 ||   137
Dodge: Dodged            |    19 |    25 |    72 ||   116
Block: Buckler           |    10 |    19 |    32 ||    61
